Cogmind - Beta 11.1 @@@ ROGUE MODE // 2022.08.08 @ 19:22:13 Player: Yanche Result: Destroyed by D-53 Grenadier with Mini Grenade Launcher Performance ------------- Evolutions (0) 0 Regions Visited (2) 400 Robots Destroyed (11) 55 Value Destroyed (256) 256 Prototype IDs (2) 40 Alien Tech Used (0) 0 Bonus (0) 0 TOTAL SCORE: 751 Bonus ------- None Cogmind --------- Core Integrity 0/250 Matter 290/300 Energy 80/100 System Corruption 0% Temperature Cool (24) Movement Core (400) Ox7 Location -10/Mines Parts ------- > --- POWER (1) -------- (None) > --- PROPULSION (2) --- (None) > --- UTILITY (2) ------ Large Storage Unit > --- WEAPON (2) ------- Medium Laser Medium Laser > --- INVENTORY (15) --- Light Ion Engine Aluminum Leg Aluminum Leg Large Storage Unit Medium Matter Pod (33) Small Laser Light Assault Rifle Peak State ------------ > --- POWER ------------ Light Ion Engine > --- PROPULSION ------- Aluminum Leg Aluminum Leg > --- UTILITY ---------- Improved Heat Sink Large Storage Unit > --- WEAPON ----------- EM Pulse Gun Grenade Launcher > --- INVENTORY -------- Light Ion Engine Aluminum Leg Large Storage Unit Medium Matter Pod Medium Laser Medium Laser Light Assault Rifle [Rating: 9] Favorites ----------- Power Light Ion Engine Engine Light Ion Engine Propulsion Aluminum Leg Leg Aluminum Leg Utility Large Storage Unit Device Improved Heat Sink Storage Large Storage Unit Weapon EM Pulse Gun Energy Gun EM Pulse Gun Ballistic Gun Light Assault Rifle Launcher Grenade Launcher Build | -11 -10 -10 ------- Run | Scr Mat Min Slots Evolved . | . . . Power . | . . . Propulsion . | . . . Utility . | . . . Weapon . | . . . Parts Attached 16 | 6 4 6 Power 2 | 1 . 1 Engine 2 | 1 . 1 Core . | . . . Reactor . | . . . Propulsion 2 | 2 . . Treads . | . . . Leg 2 | 2 . . Wheel . | . . . Hover . | . . . Flight . | . . . Utility 4 | 1 2 1 Device 1 | . . 1 Storage 3 | 1 2 . Processor . | . . . Hackware . | . . . Protection . | . . . Artifact . | . . . Weapon 8 | 2 2 4 Energy Gun 5 | 1 1 3 Energy Cannon . | . . . Ballistic Gun 1 | 1 . . Ballistic Cannon . | . . . Launcher 2 | . 1 1 Special Weapon . | . . . Impact Weapon . | . . . Slashing Weapon . | . . . Piercing Weapon . | . . . Special Melee Weapon . | . . . Unidentified Prototypes . | . . . Parts Lost 8 | . 1 7 Power 2 | . 1 1 Propulsion 2 | . . 2 Utility 1 | . . 1 Weapon 3 | . . 3 Highest Loss Streak 6 | . 1 6 To Critical Strikes . | . . . Average Slot Usage (%) 87 | . 88 86 Engine 11 | . 10 11 Leg 27 | . 28 27 Device 2 | . . 3 Storage 16 | . 20 14 Energy Gun 14 | . 13 14 Ballistic Gun 5 | . 14 1 Launcher 8 | . . 12 Naked Turns . | . . . Heaviest Build 29 | 11 23 29 Greatest Support 20 | 20 20 20 Greatest Overweight (x) 3 | 3 1 1 Average Overweight (x) . | . . 1 Largest Inventory Capacity 15 | 8 15 15 Average Capacity 12 | 7 9 15 Most Carried 9 | 2 9 9 Average Carried 6 | 1 5 8 Final Capacity 15 | 8 15 15 Final Carried 8 | 2 8 7 Class Distribution -------------------- 100% | Mutant Dominant Class ---------------- Mutant | -10/Materials Mutant | -10/Mines Resources | -11 -10 -10 ----------- Run | Scr Mat Min Matter Collected 426 | 191 107 128 Remotely . | . . . Salvage Created 215 | . 121 94 Parts 12 | . 3 9 Haulers Intercepted . | . . . Recyclers Shooed . | . . . Parts Field Recycled . | . . . Retrieved Matter . | . . . Parts Self-Destructed . | . . . Prevented . | . . . Kills | -11 -10 -10 ------- Run | Scr Mat Min Combat Hostiles Destroyed 11 | . 6 5 Guns 3 | . 2 1 AOE 8 | . 4 4 Classes Destroyed 2 | . 2 . Swarmer 6 | . 3 3 Grunt 5 | . 3 2 Best Kill Streak 6 | . 6 3 Combat Bots Only 6 | . 6 3 Max Kills in Single Turn 3 | . 3 3 Gunslinging 1 | . 1 . Exploded 3 | . 3 3 Melee . | . . . Uniques/NPCs Destroyed . | . . . Combat | -11 -10 -10 -------- Run | Scr Mat Min Damage Taken 826 | . 252 574 Core 260 | . 71 189 Absorbed by Shields . | . . . Core Remaining (%) 100 | 100 . . Volleys Fired 15 | . 8 7 Largest 2 | . 2 2 Hottest 100 | . 70 100 Shots Fired 29 | . 16 13 Gun 21 | . 13 8 Cannon . | . . . Launcher 8 | . 3 5 Special . | . . . Kinetic 8 | . 8 . Thermal 4 | . 2 2 Explosive 8 | . 3 5 Electromagnetic 9 | . 3 6 Robot Hit Streak 5 | . 5 4 Robot Miss Streak 2 | . 2 2 Penetration Max . | . . . Secondary Targets 1 | . 1 . Max Gunslinging Chain 1 | . 1 . Shots Hit Robots 17 | . 10 7 Core Hits 24 | . 11 13 Critical Kills . | . . . Critical Parts Destroyed . | . . . Critical Strikes 1 | . . 1 Burn 1 | . . 1 Melee Attacks . | . . . Impact . | . . . Slashing . | . . . Piercing . | . . . Sneak Attacks . | . . . Combat Hostiles . | . . . Follow-up Attacks . | . . . Damage Inflicted 808 | . 489 319 Guns 177 | . 102 75 Cannons . | . . . Explosions 626 | . 382 244 Melee . | . . . Ramming 5 | . 5 . Kinetic 51 | . 51 . Thermal 37 | . 12 25 Explosive 626 | . 382 244 Electromagnetic 89 | . 39 50 Impact . | . . . Slashing . | . . . Piercing . | . . . Highest Corruption . | . . . Average Corruption . | . . . Corruption Purged . | . . . Corruption Blocked . | . . . Overload Shots . | . . . Overflow Damage 2 | . 2 . Projectiles . | . . . Explosions 2 | . 2 . Melee . | . . . Knockbacks . | . . . Impact . | . . . Kinetic . | . . . Secondary . | . . . Self-Inflicted Damage 65 | . 60 5 Shots 4 | . 3 1 Rammed . | . . . Targets Rammed 1 | . 1 . Kicked 1 | . 1 . Crushed . | . . . Highest Temperature 44 | . 44 24 Average Temperature 15 | . 17 10 Received Heat Transfer 99 | . 78 21 Siege Activations . | . . . Robots Corrupted . | . . . Combat Hostiles . | . . . Parts Fried . | . . . Impact Corruptions . | . . . Robots Melted . | . . . Combat Hostiles . | . . . Parts Melted . | . . . Heat Transferred 185 | . 37 148 Parts Sabotaged . | . . . Parts Stolen . | . . . Parts Stripped . | . . . Power Chain Reactions . | . . . Missiles Intercepted . | . . . Alert | -11 -10 -10 ------- Run | Scr Mat Min Peak Influence 228 | . 211 228 Initial 82 | . . 82 Average 114 | . 60 153 Maximum Alert Level 1 | . 1 1 Low Security (%) 81 | 100 79 79 Level 1 18 | . 20 20 Level 2 . | . . . Level 3 . | . . . Level 4 . | . . . Level 5 . | . . . High Security . | . . . Max Security . | . . . Squads Dispatched . | . . . Investigation . | . . . Extermination . | . . . Reinforcement . | . . . Assault . | . . . Garrison . | . . . Intercept . | . . . Searches Triggered . | . . . Construction Impeded . | . . . Haulers Reinforced . | . . . Active Scanning Responses . | . . . Cargo Convoy Interrupts . | . . . Stealth | -11 -10 -10 --------- Run | Scr Mat Min Distress Signals 2 | . 2 . Communications Jammed . | . . . Distress Signals . | . . . Times Spotted 17 | . 10 7 Peak Tracking Total 7 | . 7 3 Tactical Retreats 1 | . 1 . Traps | -11 -10 -10 ------- Run | Scr Mat Min Traps Triggered . | . . . Indirectly . | . . . Trap Hack Attempts . | . . . Triggered . | . . . Disarmed . | . . . Reprogrammed . | . . . Reused . | . . . Traps Extracted . | . . . Installed . | . . . Triggered . | . . . Machines | -11 -10 -10 ---------- Run | Scr Mat Min Machines Disabled . | . . . Max in Single Turn . | . . . Machines Sabotaged . | . . . Garrisons Compromised . | . . . Overloaded Fab Kills . | . . . Hacking | -11 -10 -10 --------- Run | Scr Mat Min Machines Accessed 3 | . 3 . Terminals 3 | . 3 . Fabricators . | . . . Repair Stations . | . . . Recycling Units . | . . . Scanalyzers . | . . . Garrison Access . | . . . Total Hacks 11 | . 11 . Successful 4 | . 4 . Failed 7 | . 7 . Catastrophic . | . . . Database Lockouts . | . . . Manual . | . . . Terminals 11 | . 11 . Fabricators . | . . . Repair Stations . | . . . Recycling Units . | . . . Scanalyzers . | . . . Garrison Access . | . . . Terminal Hacks 4 | . 4 . Prototype ID Bank 1 | . 1 . Branch Access Points 1 | . 1 . Recall Investigation 1 | . 1 . Zone Layout 1 | . 1 . Fabricator Hacks . | . . . Repair Station Hacks . | . . . Recycling Unit Hacks . | . . . Scanalyzer . | . . . Garrison Access Hacks . | . . . Unauthorized Hacks . | . . . Terminals . | . . . Fabricators . | . . . Repair Stations . | . . . Recycling Units . | . . . Scanalyzers . | . . . Garrison Access . | . . . Data Cores Recovered . | . . . Used . | . . . Hacking Detections 3 | . 3 . Full Trace Events . | . . . Feedback Events . | . . . Feedback Blocked . | . . . Robot Schematics Acquired . | . . . Robots Built . | . . . Authchips . | . . . Time . | . . . Total Robot Build Rating . | . . . Part Schematics Acquired . | . . . Parts Built . | . . . Authchips . | . . . Time . | . . . Total Part Build Rating . | . . . Parts Repaired . | . . . Time . | . . . Parts Recycled . | . . . Recycled Matter . | . . . Retrieved Matter . | . . . Retrieved Components . | . . . Parts Scanalyzed . | . . . Part Schematics Acquired . | . . . Parts Damaged . | . . . Bothacking | -11 -10 -10 ------------ Run | Scr Mat Min Used RIF Installer . | . . . Robots Hacked . | . . . Non-combat . | . . . Combat . | . . . Robot Hacks Applied . | . . . Relay Couplers Released . | . . . Fabnet Peak Effective % . | . . . Robots Rewired . | . . . Allies Hacked . | . . . Hacks Repelled . | . . . Allies | -11 -10 -10 -------- Run | Scr Mat Min Total Allies . | . . . Largest Group . | . . . Highest-Rated Group . | . . . Highest-Rated Ally . | . . . Total Orders . | . . . Ally Attacks . | . . . Total Damage . | . . . Kills . | . . . Allies Corrupted . | . . . Allies Melted . | . . . Intel | -11 -10 -10 ------- Run | Scr Mat Min Robot Analysis Total . | . . . Derelict Logs Recovered 1 | . . 1 Drone Launches . | . . . Drone Recoveries . | . . . Exploration | -11 -10 -10 ------------- Run | Scr Mat Min Turns Passed 741 | 53 227 461 Spaces Moved 403 | 29 147 227 Core 10 | 10 . . Treads . | . . . Legs 393 | 19 147 227 Wheels . | . . . Hover . | . . . Flight . | . . . Fastest Speed 50 | 50 120 190 Average Speed 164 | 144 130 190 Slowest Speed 200 | 200 190 190 Overloaded Moves . | . . . Propulsion Burnouts . | . . . Robots Hopped . | . . . Cave-ins Triggered . | . . . Exploration Rate (%) 27 | 3 32 48 Regions Visited 2 Branch Regions 1 Pre-discovered Areas 1 | . . 1 Known Exits Taken 1 | . 1 . Unknown Exits Taken 1 | 1 . . Scrap Searched 1 | . . 1 Spaces Dug . | . . . Terrain Destroyed 46 | . 15 31 Melee . | . . . Projectile . | . . . AOE 46 | . 15 31 Terrain Rammed . | . . . Walls Destroyed . | . . . Machines Disabled . | . . . Actions | -11 -10 -10 --------- Run | Scr Mat Min Total 449 | 37 170 242 Wait . | . . . Move 401 | 28 146 227 Hop . | . . . Pick Up 12 | 3 7 2 Fast Attach 7 | 5 . 2 Attach 7 | 1 3 3 Detach 3 | . 3 . Swap 2 | . 1 1 Drop 1 | . 1 . Fire 15 | . 8 7 Melee . | . . . Ram . | . . . Kick 1 | . 1 . Crush . | . . . Escape Stasis . | . . . Rewire . | . . . Trap . | . . . Miscellaneous . | . . . Route ------- -11/Scrapyard -10/Materials (discovered 2 exits: *Min x2) -10/Mines History --------- Turn | Location | Event 28 | -11/Scrapyard | Discovered new exit (range 16) 54 | -11/Scrapyard | Entered Materials 165 | -10/Materials | Identified exit to Mines 281 | -10/Materials | Entered Mines 318 | -10/Mines | Build established: Mutant 500 | -10/Mines | Learned location of Mines (-9) 707 | -10/Mines | Assembled infested the area 737 | -10/Mines | Core integrity fell below 50% 739 | -10/Mines | Core integrity fell below 20% 742 | -10/Mines | Destroyed by D-53 Grenadier with Mini Grenade Launcher Last Messages --------------- ALERT: Infestation in the mines, dispatching Demolisher response squad. Searching scrap... Found Targeting Computer. Found Sml. Laser. Found 34 Matter. Acquired 34 matter. C-30 ARC bursts open, deploying its payload. D-53 Grenadier unfolds itself. HV Slug penetrates Earth. The unstable cave ceiling collapses. Aluminum Leg destroyed. Grenade Launcher destroyed. EM Pulse Gun destroyed. Aluminum Leg destroyed. Lgt. Ion Engine destroyed. Imp. Heat Sink destroyed. The unstable cave ceiling collapses. D-53 Grenadier suffers critical hit (Burn). D-53 Grenadier IFF system glitched. HV Slug penetrates Wall. Map ----- +----------------------------------------------------+ | | | | | ?????????????????????????????????????????????????? | | ?????????????????????????????????????????????????? | | ?????????????????????####??####??????????????????? | | ??###????######?????## #### ##?????????????????? | | ?## #??## ##??### #?????????????????? | | ## ### #### #?????????????????? | | ## ##?????????????????? | | ### ## ##??????????????????? | | ??### #### #???????????????????? | | ????# ### ##??# #???????????????????? | | ###?# ## ##?## ##???## #???????????????????? | | ### ## ###### ###?????### ??????????????????? | | ## ## #?# #####?????? ?????????????????? | | ## #?# #??????# ????????????????? | | ##### #?# #???????####???????????????? | | #??# #?#### #??????????????#???????????? | | #??# #????# #????????????? #???????????? | | #??# #????# #???????###?ru?????????????? | | ## #??# #????#! ######## # ###????????????? | | ##### #??# #????# # # #????????????? | | ##???# #??# #????#[ ##???????????? | | #????# #??# ###### % #???????????? | | #????# #?## ## d #???????????? | | #????# #### ## ## @ d #????????????? | | #???## ## ###??# #????????????? | | #???# ##???## #????????????? | | ##### #????## ## # ###????????????? | | ### #???????????????????? | | #?# #???????????????????? | | #### #?# #???????????????????? | | #??##### #?## #???????????????????? | | ###??#?## #?### ##???????????????????? | | ##? ?? ???###????????????????????? | | #? ?? #????????????????????????? | | #? ?#### #### #????????????????????????? | | ## #???## ##???? ????????????????????????? | | ### #?????# ##??????????????????????????????? | | ### #??????###???????????????????????????????? | | ## #????????????????????????????????????????? | | # ## #????????????????????????????????????????? | | # ### #????????????????????????????????????????? | | # ### #????????????????????????????????????????? | | ## ## #????????????????????????????????????????? | | ?## ##???????????????????????????????????????? | | ### """ #???????????????????????????????????????? | | """ #???????????????????????????????????????? | | """ #???????????????????????????????????????? | | # ##???????????????????????????????????????? | +----------------------------------------------------+ Best States ------------- Heat Dissipation 39 Energy Generation 10 Energy Capacity 125 Matter Stores 300 Matter Capacity 400 Sight Range 16 Terrain Scan Density 10 Evasion (%) 55 Item Schematics ----------------- None Robot Schematics ------------------ None Fabricated ------------ Nothing Alien Tech Used ----------------- None Achievements -------------- None Challenges ------------ None Game ------ Seed ShieldGyrokineticInverter Manual? 0 Play Time 00:08:51 Cumulative 73.3 hours Start 2022.08.08 @ 19:15:02 End 2022.08.08 @ 19:22:13 Sessions 1 Manual Loads 0 Difficulty Rogue Special Mode None Game No. 73 Rogue 63 Adventurer 0 Explorer 10 Win Type - Total 0 Types 0/0/0/0/0/0/0/0/0 Lore% 45 Gallery% 41 Achievement% 32 Wizard Run 0 Options --------- ASCII 0 Keyboard 0 Movement Numpad Keybinds 0 Fullscreen 1 Font 18/SmallcapsGlow Map View 76x50 Tactical HUD 0 Map Filters NONE Filters NONE Steam 1 RUN: e54be638-a3e1-48d5-81dd-fe0f8905382d